AoeStats
← Jinjitis

Arena

508276670Analyzed
3v3 RM · 10d ago on Sep 21, 2026· 38m 56s· 6 players
Game mode
Random Map
Map size
Normal (6 player)
Population
200
Speed
Normal
Resources
Standard
Victory
Conquest
Starting age
Dark Age
Ending age
Imperial Age
RankedLock teamsTeams togetherTeam positionsShared explorationLock speedFull tech treeHidden civsTurbo modeCheats
Victory
Defeat
🇮🇳 Spanish · India
1216
+18
🇮🇳 Persians · India
1216
+18
🇮🇳 Vietnamese · India
1213
+18
🇨🇭 Turks · Switzerland
1297
-19
🇨🇭 Wei · Switzerland
1296
-19
🇨🇭 Hindustanis · Switzerland
1204
-16
F40
9:54 Feudal Age
10:52 Loom
15:03 Castle Age
13:39 Double-Bit Axe
14:35 Horse Collar
16:19 Bow Saw
16:10 Heavy Plow
17:30 Wheelbarrow
18:16 Fletching
20:45 Padded Archer Armor
28:17 Imperial Age
30:34 Leather Archer Armor
32:23 Ring Archer Armor
32:09 Heavy Plow
35:48 Two-Man Saw
36:01 Masonry
Moonz
10:50 Feudal Age
15:51 Castle Age
14:04 Double-Bit Axe
14:41 Gold Mining
14:53 Horse Collar
17:44 Wheelbarrow
20:31 Loom
23:08 Stone Mining
24:27 Bow Saw
25:10 Fletching
25:20 Padded Archer Armor
25:58 Bodkin Arrow
26:37 Thumb Ring
27:40 Stone Shaft Mining
27:44 Gold Shaft Mining
27:37 Leather Archer Armor
28:51 Hand Cart
33:39 Imperial Age
31:43 Husbandry
32:30 Scale Barding Armor
32:35 Forging
32:38 Bloodlines
36:23 Masonry
35:41 Pikeman
37:17 Squires
36:37 Halberdier
Jinjitis
9:02 Loom
10:50 Feudal Age
13:29 Wheelbarrow
13:26 Double-Bit Axe
13:41 Horse Collar
14:11 Gold Mining
17:13 Castle Age
15:57 Scale Barding Armor
16:46 Forging
20:41 Bow Saw
24:09 Heavy Plow
24:13 Stone Mining
26:00 Masonry
27:09 Hand Cart
31:41 Imperial Age
30:11 Gold Shaft Mining
30:16 Stone Shaft Mining
30:03 Chain Barding Armor
29:43 Town Watch
31:01 Iron Casting
30:16 Fletching
30:30 Husbandry
30:43 Bloodlines
31:58 Heavy Camel Rider
33:15 Plate Barding Armor
33:41 Blast Furnace
34:07 Imperial Camel Rider
34:46 Bodkin Arrow
36:57 Two-Man Saw
36:39 Conscription
Chaman Zhinga
5:03 Loom
10:50 Feudal Age
15:32 Castle Age
15:24 Scale Mail Armor
16:28 Double-Bit Axe
17:50 Forging
19:59 Wheelbarrow
20:37 Gold Mining
21:04 Bow Saw
20:53 Horse Collar
22:14 Heavy Plow
22:19 Fletching
24:23 Stone Mining
31:29 Imperial Age
29:12 Bodkin Arrow
29:07 Elite Skirmisher
30:32 Thumb Ring
31:29 Ballistics
31:39 Imperial Skirmisher
33:27 Padded Archer Armor
36:37 Pikeman
37:20 Bracer
fabbiccio
10:58 Feudal Age
15:05 Castle Age
17:25 Double-Bit Axe
18:24 Bow Saw
18:03 Horse Collar
19:08 Heavy Plow
24:58 Wheelbarrow
27:23 Imperial Age
25:57 Hand Cart
25:27 Loom
25:57 Gold Mining
26:07 Stone Mining
26:47 Scale Barding Armor
26:53 Forging
27:29 Bloodlines
27:19 Husbandry
27:41 Fletching
27:36 Cavalier
28:38 Chain Barding Armor
28:53 Iron Casting
29:11 Paladin
31:40 Plate Barding Armor
32:28 Stone Shaft Mining
33:33 Blast Furnace
33:28 Light Cavalry
34:22 Hussar
Habibullal
8:20 Loom
10:44 Feudal Age
14:37 Castle Age
13:17 Horse Collar
15:52 Heavy Plow
18:57 Loom
19:19 Town Watch
20:19 Wheelbarrow
23:02 Gold Mining
23:06 Stone Mining
24:04 Hand Cart
25:58 Gold Shaft Mining
27:04 Scale Barding Armor
27:26 Forging
30:43 Imperial Age
29:03 Chain Barding Armor
29:18 Iron Casting
29:03 Chain Barding Armor
29:18 Iron Casting
29:34 Masonry
29:20 Murder Holes
29:58 Husbandry
30:47 Ballistics
30:47 Light Cavalry
31:38 Bloodlines
31:55 Conscription
32:04 Conscription
32:06 Citadels
33:08 Plate Barding Armor
33:33 Blast Furnace
33:09 Plate Barding Armor
33:34 Blast Furnace
32:25 Fletching
33:31 Elite War Elephant
33:37 Elite War Elephant
37:32 Bodkin Arrow
37:37 Padded Archer Armor
Connection lost

Rejoining the realm…

Still unreachable

The connection could not be restored.

Session expired

The server has moved on; the page needs a fresh start.